 Dungeon Crawl Stone Soup version 0.28.0-45-g0d030f2227 (webtiles) character file.

Game seed: 12814564706044567709

3490 rlgrobin the Quickloader (level 10, 0/56 HPs)
             Began as a Tengu Hunter on Apr 3, 2022.
             Was an Initiate of Okawaru.
             Slain by Grum
             ... wielding a +1 spear
              (14 damage)
             ... on level 8 of the Dungeon.
             The game lasted 00:13:48 (10316 turns).

rlgrobin the Quickloader (Tengu Hunter)            Turns: 10316, Time: 00:13:48

Health: 0/56       AC:  3    Str: 12    XL:     10   Next: 7%
Magic:  11/11      EV: 20    Int: 12    God:    Okawaru [......]
Gold:   244        SH:  0    Dex: 19    Spells: 9/9 levels left

rFire   + . .      SeeInvis .     - Unarmed
rCold   . . .      Faith    .   (no shield)
rNeg    . . .      Spirit   .   c - +0 leather armour
rPois   .          Reflect  .   (helmet restricted)
rElec   .          Harm     .   (no cloak)
rCorr   .          Rampage  .   (no gloves)
Will    .....      Clarity  +   (boots unavailable)
Stlth   ++........              (no amulet)
HPRegen 0.18/turn               (no ring)
MPRegen 0.12/turn               (no ring)

@: mighty, flying quickly and evasively, quick
A: beak, talons 3, nimble flight, clarity, fire resistance 1, no potion heal 1
a: Renounce Religion


You were on level 8 of the Dungeon.
You worshipped Okawaru.
Okawaru was noncommittal.
You visited 2 branches of the dungeon, and saw 9 of its levels.
You also visited: Sewer.

You collected 310 gold pieces.
You spent 66 gold pieces at shops.

Inventory:

Hand Weapons
 a - a +1 hand crossbow
 v - the +6 dagger of Usaskan {drain, +Blink Dex+3}
   (You found it on level 4 of the Dungeon)

   A truly terrible weapon, it drains the life of any living foe it strikes.
   Dex:       It affects your dexterity (+3).
   +Blink:    It lets you blink.
 C - the +8 mace of the Devouring Shark {vorpal, rElec Str+3}
   (You found it on level 5 of the Dungeon)

   It inflicts extra damage upon your enemies.
   Str:       It affects your strength (+3).
   rElec:     It insulates you from electricity.
Missiles
 d - 50 bolts
 e - 3 datura-tipped darts (quivered)
 r - 10 poisoned darts
Armour
 c - a +0 leather armour (worn)
Jewellery
 h - a ring of ice
 n - a +6 ring of intelligence
Wands
 s - a wand of digging (4)
Scrolls
 b - a scroll of fog
 j - 5 scrolls of vulnerability
 k - 2 scrolls of immolation
 l - 3 scrolls of teleportation
 o - a scroll of magic mapping
 p - a scroll of enchant weapon {unknown}
 q - a scroll of brand weapon {unknown}
 t - a scroll of silence
 u - 2 scrolls of fear
 w - a scroll of noise
 x - a scroll of blinking
Potions
 i - 2 potions of curing
 m - a potion of attraction {unknown}
 z - a potion of invisibility {unknown}


   Skills:
 - Level 4.0 Fighting
 - Level 10.0 Crossbows
 + Level 8.5 Dodging
 - Level 1.0 Stealth
 + Level 8.5 Unarmed Combat


You had 9 spell levels left.
You didn't know any spells.
Your spell library contained the following spells:

 Spells                   Type           Power      Damage    Failure   Level
 Foxfire                  Conj/Fire      0%         2x1d4     38%         1
 Slow                     Hex            0%         N/A       38%         1
 Blink                    Tloc           0%         N/A       54%         2
 Confusing Touch          Hex            0%         N/A       77%         3
 Conjure Flame            Conj/Fire      0%         6-21      77%         3
 Inner Flame              Hex/Fire       0%         N/A       77%         3
 Lesser Beckoning         Tloc           0%         N/A       77%         3
 Vampiric Draining        Necr           0%         2d6       77%         3
 Flame Wave               Conj/Fire      0%         2d4       99%         4
 Manifold Assault         Tloc           0%         N/A       100%        5


Dungeon Overview and Level Annotations

Branches:
Dungeon (8/15)             Temple (1/1) D:7           Sewer (visited)
   Lair: D:8-11

Altars:
Ashenzari
Cheibriados
Dithmenos
Elyvilon
Hepliaklqana
Kikubaaqudgha
Nemelex Xobeh
Okawaru
Qazlal
Ru
Sif Muna
Trog
Uskayaw
Vehumet
Wu Jian
Xom
Yredelemnul
Zin
The Shining One

Shops:
D:3 !

Annotations:
D:8 Grum


Innate Abilities, Weirdness & Mutations

You have a beak for a mouth.
You have claws for feet.
Your magical nature lets you fly swiftly and evasively.
You possess an exceptional clarity of mind.
Your flesh is heat resistant. (rF+)
Potions are less effective at restoring your health.


Message History

Aim: Grum, wielding a +1 spear and wearing a +0 animal skin (74% to hit)
You shoot a bolt. The bolt hits Grum.
Grum is lightly wounded.
Fire: 52 bolts
Press: ? - help, Q - select action, (/) - cycle Shift-Dir - straight line, f - wolf
Aim: a wolf (58% to hit)
You shoot a bolt. The bolt hits the wolf!
The wolf is moderately wounded.
Fire: 51 bolts
Press: ? - help, Q - select action, (/) - cycle Shift-Dir - straight line, f/p - wolf
Aim: a wolf (moderately wounded, 58% to hit)
You shoot a bolt. The bolt hits the wolf.
The wolf is heavily wounded.
You are now empty-handed.
It was a potion of might.
You feel very mighty all of a sudden. The wolf bites you but does no damage.
You pummel the wolf!!
You kill the wolf!
Okawaru accepts your kill.
Unknown command.
Unknown command.
As you read the scroll of fog, it crumbles to dust.
The scroll dissolves into smoke.
Grum hits you from afar with a +1 spear!
* * * LOW HITPOINT WARNING * * *
You take 15 damage, and have 13/84 hp.
Your system partially rejects the healing.
You feel better.
You feel less wooden.
Your +0 leather armour unmelds from your body.
A black bear comes into view.
Grum points his finger and shouts, "Fido!
Sic 'em!"
Grum hits you from afar with a +1 spear.
* * * LOW HITPOINT WARNING * * *
You now have 8/56 hp.
Your system partially rejects the healing.
You feel better.
Grum hits you from afar with a +1 spear!
You die...

#.......# #.......#..
####.#....<#.##
...........>....#
...........##### .
####...#.#...# ..
#..#.....#§§.# . ...
#..#..h###§§.# .# ....
#..#..§§§@§§.##.# .....
#..#..§g###§.......##
....!.#....(...##...#.#....
(.....((.....#.##...#.#....
.####....(##+#.##...#.#...#
...(...(...........#.#...#
#####..........#.#.#.#.#.#
#..............#.#.#.#
#.........#..###.#...#####.


You could see Grum.

Vanquished Creatures
  A cyclops (D:7)
  Sigmund (D:4)
  A wyvern (D:8)
  5 yaks
  A steam dragon (D:6)
  2 water moccasins
  A sky beast (D:6)
  2 black bears
  2 ice beasts
  An ogre (D:4)
  2 wolves (D:8)
  A kobold brigand (Sewer)
  2 bullfrogs
  A wyvern skeleton (D:6)
  3 wights (D:7)
  3 howler monkeys
  A centaur zombie (D:7)
  3 hounds
  An orc priest (D:7)
  2 jellies
  Natasha (thrice) (D:4)
  3 iguanas
  8 adders
  6 river rats
  A white imp (D:6)
  An ufetubus (D:4)
  A worm (D:2)
  A dart slug (D:2)
  6 orcs
  5 bats
  6 endoplasms
  9 giant cockroaches
  11 hobgoblins
  2 jackals (Sewer)
  12 kobolds
  9 ball pythons
  15 frilled lizards
  5 goblins
  7 rats
147 creatures vanquished.

Vanquished Creatures (others)
  7 fungi (D:8)
  15 plants
  3 withered plants (D:6)
25 creatures vanquished.

Grand Total: 172 creatures vanquished

Notes
Turn   | Place    | Note
-------+----------+-------------------------------------------
     0 | D:1      | rlgrobin the Tengu Hunter began the quest for the Orb.
     0 | D:1      | Reached XP level 1. HP: 12/12 MP: 2/2
   106 | D:1      | Reached skill level 1 in Unarmed Combat
   301 | D:1      | Reached XP level 2. HP: 16/17 MP: 3/3
  1063 | D:1      | Reached XP level 3. HP: 21/21 MP: 4/4
  1621 | D:2      | Reached XP level 4. HP: 26/26 MP: 5/5
  1870 | D:2      | Found a faded altar of an unknown god.
  2512 | D:3      | Identified the +0 robe of Undesirable Species {rN++}
  3012 | D:3      | Found Tiampec's Distillery.
  3016 | D:3      | Bought a potion of curing for 33 gold pieces
  3016 | D:3      | Bought a potion of lignification for 33 gold pieces
  3336 | D:4      | Noticed Natasha
  3341 | D:4      | Killed Natasha
  3342 | D:4      | Gained mutation: Your magical nature lets you fly swiftly
                  | and evasively. [Tengu growth]
  3342 | D:4      | Reached XP level 5. HP: 31/31 MP: 6/6
  3380 | D:4      | Noticed an ogre
  3713 | D:4      | Noticed Sigmund
  3884 | D:4      | Killed Sigmund
  3885 | D:4      | Reached skill level 5 in Crossbows
  3885 | D:4      | Reached XP level 6. HP: 34/37 MP: 7/7
  3918 | D:4      | Noticed Natasha
  3926 | D:4      | Killed Natasha
  4093 | D:4      | Noticed Natasha
  4095 | D:4      | Killed Natasha
  4215 | D:4      | Identified the +6 dagger of Usaskan {drain, +Blink Dex+3}
  4232 | D:5      | Entered Level 5 of the Dungeon
  4288 | D:4      | Reached skill level 5 in Unarmed Combat
  4375 | D:5      | Reached XP level 7. HP: 41/41 MP: 8/8
  4515 | D:5      | Found a bloodstained altar of Trog.
  5165 | D:5      | Identified the +8 mace of the Devouring Shark {vorpal,
                  | rElec Str+3}
  5397 | D:5      | Gained mutation: Potions are less effective at restoring
                  | your health. [potion of mutation]
  5397 | D:5      | Gained mutation: Your flesh is heat resistant. (rF+)
                  | [potion of mutation]
  5397 | D:5      | Gained mutation: You possess an exceptional clarity of
                  | mind. [potion of mutation]
  5416 | D:5      | Reached skill level 6 in Crossbows
  5644 | D:6      | Noticed a yak
  5644 | D:6      | Noticed a yak
  5644 | D:6      | Noticed a yak
  5644 | D:6      | Noticed a steam dragon
  5691 | D:6      | Reached XP level 8. HP: 29/48 MP: 9/9
  5707 | D:6      | Found a glowing drain.
  5723 | Sewer    | Entered a sewer
  5890 | Sewer    | Reached skill level 5 in Dodging
  6639 | D:6      | Found a basalt altar of Yredelemnul.
  6670 | D:6      | Reached skill level 7 in Crossbows
  6938 | D:6      | Killed a yak
  6939 | D:6      | Reached skill level 8 in Crossbows
  7022 | D:6      | Found a glowing silver altar of Zin.
  7067 | D:6      | Noticed a yak
  7076 | D:6      | Noticed a yak
  7092 | D:6      | Killed a yak
  7093 | D:6      | Reached skill level 9 in Crossbows
  7093 | D:6      | Reached XP level 9. HP: 23/52 MP: 10/10
  7645 | D:6      | Reached skill level 10 in Crossbows
  9000 | D:7      | Noticed a cyclops
  9030 | D:7      | Killed a cyclops
  9555 | D:7      | Found a staircase to the Ecumenical Temple.
  9561 | Temple   | Entered the Ecumenical Temple
  9765 | Temple   | Became a worshipper of Warmaster Okawaru
 10281 | D:8      | Reached XP level 10. HP: 24/56 MP: 11/11
 10304 | D:8      | Noticed Grum
 10316 | D:8      | Slain by Grum

Illustrated notes

Levels and vault maps discovered:
D:1:      tarquinn_simple_flora_water_a, layout_basic, minmay_lizard_pond
D:2:      layout_loops_ring, basic_ecumenical_altar, serial_bayou_crossing
D:3:      layout_basic, serial_shops, shop
D:4:      layout_gridville, uniq_natasha, uniq_sigmund
D:5:      minmay_spotlight, layout_basic, trog_book, dk_rats_in_the_wall
D:6:      layout_cave_pools, yredelemnul_altar_generic,
          mainiacjoe_overflow_six_doors_small, portal_sewer_entry_b,
          dk_noncrumbling_4, minmay_misc_feat_pillars, serial_park_tiny_2
D:7:      layout_rooms, minmay_temple_entry_trees
D:8:      layout_basic, grunt_lair_entry_orc_guard_hut, minmay_misc_feat_room,
          uniq_grum
Temple:   eino_temple_scatter_basement

Skill      XL: |  1  2  3  4  5  6  7  8  9 |
---------------+----------------------------+-----
Unarmed Combat | 1 2 3 4 5 6 8 |  8.5
Fighting       | 3 4 |  4.0
Crossbows      | 5 6 9 10 | 10.0
Dodging        | 3 4 6 8 |  8.5
Stealth        | |  1.0

Action                   |  1- 3 |  4- 6 |  7- 9 | 10-12 || total
-------------------------+-------+-------+-------+-------++-------
Melee: Unarmed           |    80 |    82 |   186 |     4 ||   352
       Kick              |    14 |    14 |    68 |       ||    96
       Peck              |    12 |    11 |    47 |       ||    70
       Punch             |       |     1 |     9 |     2 ||    12
 Fire: Hand crossbow     |    17 |    30 |   126 |     3 ||   176
Throw: Dart              |       |       |    22 |       ||    22
Evoke: Wand              |       |       |     6 |       ||     6
  Use: Potion            |       |     1 |     9 |     3 ||    13
       Scroll            |       |       |    11 |     1 ||    12
 Stab: Sleeping          |     2 |     3 |       |       ||     5
       Paralysed         |       |       |     5 |       ||     5
Armor: Leather armour    |    18 |    11 |    19 |       ||    48
       Skin              |       |       |     5 |     2 ||     7
Dodge: Dodged            |    47 |    40 |   166 |       ||   253
